 Dungeon Crawl Stone Soup version 0.25-a0-340-ga1faa1601d (webtiles) character file.

Game seed: 15907850721421672981, levelgen mode: classic

192934 Borgoz the Bludgeoner (level 18, -3/124 HPs)
             Began as a Gargoyle Fighter on Dec 29, 2019.
             Was the Champion of Ashenzari.
             Slain by Mara (illusionary)
             ... wielding a +4 vampiric demon trident
              (12 damage)
             ... on level 4 of the Spider Nest.
             The game lasted 01:04:45 (32067 turns).

Borgoz the Bludgeoner (Gargoyle Fighter)           Turns: 32067, Time: 01:04:46

Health: -3/124     AC: 39    Str: 30    XL:     18   Next: 25%
Magic:  0/19       EV: 20    Int: 13    God:    Ashenzari [******]
Gold:   2179       SH:  8    Dex: 21    Spells: 13/17 levels left

rFire    + . .     SeeInvis +   a - +8 morningstar of Zin's Indignation {venom, Str+2 Int+4 Dex+2} (curse)
rCold    + . .     Gourm    .   z - +0 buckler (curse)
rNeg     + . .     Faith    .   h - +5 scale mail "Xoysuorupp" {Regen+} (curse)
rPois    ∞         Spirit   +   t - +1 helmet
rElec    +         Reflect  .   B - +1 cloak
rCorr    .         Harm     .   u - +1 pair of gloves
MR       +....     Clarity  +   v - +0 pair of boots
Stlth    ..........             M - amulet of guardian spirit (curse)
HPRegen  0.70/turn              y - ring "Mofun" {rF+ rC+} (curse)
MPRegen  0.16/turn              K - +5 ring of dexterity

@: mighty, berserk cooldown, flying, slowed, studying Armour, very slow
A: big wings, negative energy resistance 1, electricity resistance, unbreathing,
petrification resistance, rot immunity, AC +13
}: 1/15 runes: decaying
a: Stop Flying, Curse Item, Scrying, Transfer Knowledge, Renounce Religion


You were on level 4 of the Spider Nest.
You worshipped Ashenzari.
Ashenzari was exalted by your worship.
You were hungry.

You visited 6 branches of the dungeon, and saw 32 of its levels.

You collected 3227 gold pieces.
You spent 1048 gold pieces at shops.

Inventory:

Hand Weapons
 a - the cursed +8 morningstar of Zin's Indignation (weapon) {venom, Str+2 Int+4 Dex+2}
   (You found it on level 4 of the Dungeon)

   It poisons the flesh of those it strikes.
   It affects your strength (+2).
   It affects your intelligence (+4).
   It affects your dexterity (+2).
   It has a curse placed upon it.
Missiles
 E - 5 throwing nets (quivered)
Armour
 h - the cursed +5 scale mail "Xoysuorupp" (worn) {Regen+}
   (You bought it in a shop on level 2 of the Orcish Mines)

   It increases your rate of regeneration.
   It has a curse placed upon it.
 t - a +1 helmet (worn)
 u - a +1 pair of gloves (worn)
 v - a +0 pair of boots (worn)
 z - a cursed +0 buckler (worn)
 B - a +1 cloak (worn)
Jewellery
 c - the ring of Xugunge {+Fly rPois rC+ MR++ Str-3}
   (You bought it in a shop on level 2 of the Orcish Mines)

   [ring of flight]

   It affects your strength (-3).
   It protects you from cold.
   It protects you from poison.
   It affects your resistance to hostile enchantments.
   It lets you fly.
 y - the cursed ring "Mofun" (left hand) {rF+ rC+}
   (You found it on level 3 of the Lair of Beasts)

   [ring of protection from fire]

   It protects you from fire.
   It protects you from cold.
   It has a curse placed upon it.
 K - a +5 ring of dexterity (right hand)
 M - a cursed amulet of guardian spirit (around neck)
Wands
 e - a wand of acid (10)
 j - a wand of iceblast (28)
 l - a wand of disintegration (28)
 q - a wand of enslavement (7)
 w - a wand of paralysis (19)
Scrolls
 i - 4 scrolls of fog
 n - 7 scrolls of identify
 o - 23 scrolls of teleportation
 s - 2 scrolls of blinking
 x - 4 scrolls of remove curse
 C - a scroll of brand weapon
 G - 3 scrolls of fear
 H - 2 scrolls of magic mapping
 T - a scroll of summoning
Potions
 b - 2 potions of agility
 d - 2 potions of might
 g - 3 potions of lignification
 m - 5 potions of resistance
 r - 12 potions of curing
 A - a potion of ambrosia
 D - 4 potions of haste
 F - a potion of brilliance
 R - 3 potions of berserk rage
Books
 p - a manual of Armour
Comestibles
 f - 59 rations


   Skills:
 * Level 17.2 Fighting
 * Level 17.6(21.3) Maces & Flails
 + Level 17.5 Armour
 * Level 11.4 Dodging
 + Level 8.5(11.5) Shields
 - Level 2.5(5.0) Evocations


You had 13 spell levels left.
You knew the following spells:

 Your Spells              Type           Power        Failure   Level  Hunger
a - Confusing Touch       Hex            #.....       41%         1    ##.....
b - Confuse               Hex            #.......     78%         3    ####...

Your spell library contained the following spells:

 Spells                   Type           Power        Failure   Level  Hunger
 Animate Skeleton         Necr           N/A          41%         1    ##.....
 Apportation              Tloc           #.....       41%         1    ##.....
 Beastly Appendage        Tmut           #.....       41%         1    ##.....
 Magic Dart               Conj           #...         41%         1    ##.....
 Sting                    Tmut/Pois      #...         41%         1    ##.....
 Summon Small Mammal      Summ           #...         41%         1    ##.....
 Blink                    Tloc           N/A          54%         2    ###....
 Call Imp                 Summ           #.......     54%         2    ###....
 Poisonous Vapours        Pois/Air       #.....       54%         2    ###....
 Searing Ray              Conj           #.....       54%         2    ###....
 Slow                     Hex            #.......     54%         2    ###....
 Sticks to Snakes         Tmut           #.......     54%         2    ###....
 Call Canine Familiar     Summ           #.......     78%         3    ####...
 Conjure Flame            Conj/Fire      #.......     78%         3    ####...
 Dazzling Flash           Conj/Hex       #.....       78%         3    ####...
 Gell's Gravitas          Tloc           #.........   78%         3    ####...
 Ignite Poison            Fire/Tmut/Pois #.......     78%         3    ####...
 Mephitic Cloud           Conj/Pois/Air  #.......     78%         3    ####...
 Spider Form              Tmut/Pois      #.........   78%         3    ####...
 Summon Guardian Golem    Hex/Summ       #.......     78%         3    ####...
 Fulminant Prism          Conj/Hex       #.........   99%         4    #####..
 Ice Form                 Ice/Tmut       #.......     99%         4    #####..
 Iskenderun's Mystic Bla  Conj/Tloc      #.......     99%         4    #####..
 Leda's Liquefaction      Hex/Erth       #.........   99%         4    #####..
 Olgreb's Toxic Radiance  Pois           #.......     99%         4    #####..
 Petrify                  Tmut/Erth      #.......     99%         4    #####..
 Sticky Flame             Conj/Fire      #.......     99%         4    #####..
 Summon Ice Beast         Ice/Summ       #.......     99%         4    #####..
 Summon Lightning Spire   Summ/Air       #.......     99%         4    #####..
 Blade Hands              Tmut           #.........   100%        5    ######.
 Bolt of Magma            Conj/Fire/Erth #.........   100%        5    ######.
 Fireball                 Conj/Fire      #.........   100%        5    ######.
 Irradiate                Conj/Tmut      #.........   100%        5    ######.
 Metabolic Englaciation   Hex/Ice        #.........   100%        5    ######.
 Yara's Violent Unravell  Hex/Tmut       #.........   100%        5    ######.
 Hydra Form               Tmut           #.........   100%        6    #######
 Iron Shot                Conj/Erth      #.........   100%        6    #######
 Starburst                Conj/Fire      #.........   100%        6    #######
 Dragon Form              Tmut           #.........   100%        7    #######
 Ring of Flames           Chrm/Fire      #.........   100%        7    #######
 Ignition                 Fire           #.........   100%        8    #######
 Shatter                  Erth           #.........   100%        9    #######
 Statue Form              Tmut/Erth      Unusable     N/A         6    N/A

Dungeon Overview and Level Annotations

Branches:
Dungeon (15/15)            Temple (1/1) D:7            Lair (6/6) D:8
  Swamp (4/4) Lair:2       Spider (4/4) Lair:2        Slime (0/5) Lair:5
    Orc (2/2) D:11            Elf (0/3) Orc:2        Vaults (0/5) D:13
 Depths (0/5) D:15

Altars:
Ashenzari
Cheibriados
Dithmenos
Elyvilon
Fedhas
Gozag
Hepliaklqana
Kikubaaqudgha
Makhleb
Nemelex Xobeh
Okawaru
Qazlal
Ru
Sif Muna
Trog
Uskayaw
Vehumet
Wu Jian
Xom
Yredelemnul
Zin
The Shining One
Jiyva

Shops:
D:10 (((%   D:11 %   D:15 *   Orc:2 %=[(

Annotations:
Spider:4 Mara


Innate Abilities, Weirdness & Mutations

You are resistant to torment.
Your stone body is resilient. (AC +13)
You are immune to poison.
Your large and strong wings let you fly indefinitely.
You resist negative energy. (rN+)
You are resistant to electric shocks. (rElec)
You can survive without breathing.
You are immune to petrification.
You are immune to rotting.


Message History

You block Borgoz's illusion's attack. Mara misses you. x2
You feel much better. Borgoz's illusion hits you!!
* * * LOW HITPOINT WARNING * * *
Mara completely misses you.
Mara blinks!
Unknown command.
You feel much better.
Borgoz's illusion hits you but does no damage.
Mara misses you.
Borgoz's illusion hits you but does no damage.
Mara gestures at you.
The bolt of fire hits you but does no damage.
You feel very mighty all of a sudden. Mara gestures at you.
The bolt of fire hits you!! You resist.
* * * LOW HITPOINT WARNING * * *
Borgoz's illusion hits you but does no damage.
Mara gestures at you. The bolt of fire misses you.
Mara hits you from afar with a +4 vampiric demon trident!
You die...

#.....######.####.##..###
##..######.###..........#
#..####...####^.R.^.....
##..#^.#........†...##...
#..†#.............####...
##..#.....R#....†###.#...
##.........R##......#..{..
#........@.######...##.{..
##..^#...@## ##..##....
##..##R.## ###...R#
#^##..## ##R..§ #####.#
#.... ### ###.. #... #.^..
###.. ###


You could see 3 Maras and Borgoz's illusion.

Vanquished Creatures
  Nikola (Spider:2)
  Arachne (Spider:1)
  A tentacled monstrosity (Swamp:4)
  2 thorn hunters
  Kirke (D:14)
  Roxanne (Swamp:2)
  A fire giant (D:15)
  An orc warlord (Orc:2)
  2 emperor scorpions
  The ghost of LostGamesStreakFreak the Fighter, a journeyman GrAK of Lugonu (Lair:4)
  Snorg (D:13)
  Josephine (D:14)
  Harold (Orc:1)
  19 hydras
  2 ghost crabs (Swamp:4)
  A vault guard (D:13)
  5 shambling mangroves
  The ghost of MirrMurr the Thaumaturge, a journeyman GnWz of Okawaru (D:11)
  2 catoblepae (D:13)
  3 centaur warriors
  10 alligators
  A two-headed ogre (D:13)
  A death knight (D:13)
  4 death yaks (Lair:6)
  Urug (Orc:2)
  A fire crab (D:10)
  A skeletal warrior (D:10)
  2 spriggan druids (Swamp:4)
  2 unseen horrors (D:13)
  A naga ritualist (D:15)
  6 orc knights
  Pikel (D:5)
  11 swamp dragons
  3 deep elf magi
  11 orb spiders
  26 wolf spiders
  A mana viper (D:15)
  6 oklob plants
  An orc sorcerer (Orc:1)
  7 ugly things
  3 manticores
  17 slime creatures
  6 elephants
  2 cyclopes (D:14)
  2 moths of wrath
  An eye of devastation (shapeshifter) (D:13)
  3 gargoyles
  A torpor snail (Lair:4)
  6 centaur skeletons
  5 black mambas
  16 spiny frogs
  3 rime drakes
  3 kobold demonologists
  A yaktaur (D:11)
  3 komodo dragons
  10 demonic crawlers
  6 trolls
  3 polar bears (Lair:6)
  3 meliai (Spider:3)
  27 jumping spiders
  19 hornets
  8 tyrant leeches
  9 bog bodies
  13 blink frogs
  2 dream sheep (Lair:6)
  9 hippogriffs
  A blink frog (shapeshifter) (D:13)
  15 spriggans
  2 water elementals (D:14)
  5 shadows
  23 tarantellas
  5 wraiths
  Sigmund (D:4)
  65 redbacks
  Eustachio (D:5)
  2 wyverns
  50 yaks
  2 basilisks
  2 humans
  Grum (D:10)
  2 steam dragons
  A hog (D:14)
  17 vampire mosquitoes
  2 hungry ghosts
  A naga (D:15)
  19 swamp worms
  5 insubstantial wisps (Swamp:2)
  6 wargs
  An acid dragon (D:11)
  11 water moccasins
  Edmund (D:4)
  5 porcupines
  Duvessa (D:5)
  13 swamp drakes
  5 black bears
  42 orc warriors
  4 slaves (D:5)
  A necrophage (D:10)
  3 sky beasts
  5 phantoms
  6 ogres
  2 eyes of draining
  5 boggarts (Lair:6)
  39 wolves
  11 centaurs
  13 crocodiles
  18 big kobolds
  15 bullfrogs
  Dowan (D:5)
  A wyvern skeleton (D:13)
  2 scorpions
  4 wights (D:7)
  20 killer bees
  6 electric eels
  3 howler monkeys
  8 crimson imps
  3 jellies
  A centaur zombie (D:6)
  7 hounds
  19 orc priests
  A bullfrog skeleton (D:6)
  Crazy Yiuf (D:3)
  3 iguanas
  21 orc wizards
  Natasha (thrice) (D:3)
  10 worker ants
  Ijyb (D:4)
  A hound zombie (D:6)
  A hound skeleton (D:6)
  A howler monkey zombie (D:6)
  A worker ant zombie (D:9)
  4 gnolls (Orc:2)
  19 adders
  5 shadow imps
  An ooze (D:6)
  An adder zombie (D:9)
  3 worms
  5 dart slugs
  3 leopard geckos
  93 orcs
  3 giant cockroaches
  8 goblins
  4 hobgoblins
  9 jackals
  21 kobolds
  2 quokkas
  12 bats
  5 frilled lizards
  A jackal skeleton (D:7)
  A leopard gecko skeleton (D:4)
  A quokka zombie (D:5)
  10 rats
  A briar patch (Swamp:3)
  4 plants
1090 creatures vanquished.

Vanquished Creatures (others)
  A swamp dragon (Swamp:4)
  A tarantella (Spider:2)
  5 briar patches (Swamp:2)
  A fungus (Lair:6)
  15 plants (Lair:4)
23 creatures vanquished.

Grand Total: 1113 creatures vanquished

Notes
Turn   | Place    | Note
-------+----------+-------------------------------------------
     0 | D:1      | Borgoz the Gargoyle Fighter began the quest for the Orb.
     0 | D:1      | Reached XP level 1. HP: 14/14 MP: 1/1
   201 | D:1      | Reached XP level 2. HP: 16/19 MP: 2/2
   755 | D:2      | Reached XP level 3. HP: 23/24 MP: 3/3
   785 | D:2      | Found a blossoming altar of Fedhas.
   968 | D:2      | You fall into a shaft and drop 2 floors!
  1142 | D:3      | Reached XP level 4. HP: 27/29 MP: 4/4
  1511 | D:2      | Reached XP level 5. HP: 34/34 MP: 5/5
  1999 | D:2      | Found a shattered altar of Ashenzari.
  2082 | D:3      | Found a shimmering altar of Xom.
  2379 | D:3      | Noticed Natasha
  2388 | D:3      | Killed Natasha
  2478 | D:3      | Found a runed translucent door.
  2479 | D:3      | Noticed Crazy Yiuf
  2528 | D:3      | Found a hide-covered altar of Uskayaw.
  2657 | D:4      | Noticed Edmund
  2678 | D:4      | Killed Edmund
  2678 | D:4      | Reached skill level 5 in Fighting
  2678 | D:4      | Reached skill level 5 in Armour
  2678 | D:4      | Reached XP level 6. HP: 38/40 MP: 6/6
  2797 | D:4      | Noticed Ijyb
  2803 | D:4      | Killed Ijyb
  3040 | D:4      | Got a dazzling morningstar
  3041 | D:4      | Identified the +8 morningstar of Zin's Indignation {venom,
                  | Str+2 Int+4 Dex+2} (You found it on level 4 of the Dungeon)
  3166 | D:4      | Reached XP level 7. HP: 40/44 MP: 7/7
  3350 | D:4      | Noticed Sigmund
  3362 | D:4      | Killed Sigmund
  3362 | D:4      | Reached skill level 5 in Maces & Flails
  3728 | D:5      | Entered Level 5 of the Dungeon
  3836 | D:5      | Found an iron altar of Okawaru.
  3881 | D:5      | Noticed a yak
  3881 | D:5      | Noticed a yak
  3881 | D:5      | Noticed a yak
  3883 | D:5      | Noticed a yak
  3887 | D:5      | Killed a yak
  3887 | D:5      | Reached XP level 8. HP: 45/52 MP: 8/8
  3894 | D:5      | Killed a yak
  3896 | D:5      | Killed a yak
  3906 | D:5      | Killed a yak
  4063 | D:5      | Noticed Duvessa
  4064 | D:5      | Noticed Dowan
  4069 | D:5      | Killed Duvessa
  4072 | D:5      | Killed Dowan
  4116 | D:5      | Noticed Eustachio
  4125 | D:5      | Killed Eustachio
  4125 | D:5      | Reached XP level 9. HP: 58/58 MP: 9/9
  4202 | D:5      | Found a bloodstained altar of Trog.
  4272 | D:5      | Noticed Pikel
  4297 | D:5      | Killed Pikel
  4417 | D:3      | Noticed Natasha
  4422 | D:3      | Killed Natasha
  4471 | D:2      | Became a worshipper of Ashenzari the Shackled
  4515 | D:3      | Noticed Natasha
  4521 | D:3      | Killed Natasha
  4596 | D:3      | Killed Crazy Yiuf
  5888 | D:7      | Found a hide-covered altar of Uskayaw.
  6064 | D:7      | Reached * piety under Ashenzari
  6105 | D:7      | Found a staircase to the Ecumenical Temple.
  6116 | Temple   | Entered the Ecumenical Temple
  6330 | D:7      | Reached XP level 10. HP: 66/66 MP: 10/10
  7371 | D:8      | Found a staircase to the Lair.
  7377 | D:8      | Reached skill level 10 in Armour
  7581 | D:8      | Learned a level 1 spell: Confusing Touch
  7585 | D:8      | Learned a level 3 spell: Confuse
  7634 | D:9      | Reached skill level 10 in Fighting
  8178 | D:9      | Found an opulent altar of Gozag.
  8209 | D:9      | Reached skill level 1 in Dodging
  8464 | D:10     | Entered Level 10 of the Dungeon
  8474 | D:10     | Found a transporter.
  8479 | D:10     | Noticed a brown ugly thing
  8481 | D:10     | Noticed a five-headed hydra
  8482 | D:10     | Noticed a skeletal warrior
  8484 | D:10     | Noticed a fire crab
  8488 | D:10     | Found a transporter.
  8507 | D:10     | Found Riam Jai's Weapon Shop.
  8528 | D:10     | Found Aqay's Food Shop.
  8695 | D:10     | Noticed Grum
  8702 | D:10     | Killed Grum
  8779 | D:10     | Found Fen Nor's Antique Weapon Shoppe.
  8793 | D:10     | Found Hyczaredgh's Jewellery Emporium.
  8808 | D:10     | Found Vulaurgh's Weapon Emporium.
  8880 | D:10     | Reached ** piety under Ashenzari
  9122 | D:11     | Noticed MirrMurr's ghost (journeyman GnWz)
  9135 | D:11     | Found a runed translucent gate.
  9135 | D:11     | Found a runed translucent gate.
  9137 | D:11     | Found a runed translucent gate.
  9174 | D:11     | Noticed a kobold demonologist
  9179 | D:11     | Noticed an orange demon
  9190 | D:11     | Noticed a gargoyle
  9195 | D:11     | Killed a kobold demonologist
  9195 | D:11     | Reached XP level 11. HP: 41/73 MP: 11/11
  9268 | D:11     | Reached skill level 10 in Maces & Flails
  9406 | D:11     | Identified the +2 leather armour "Jeruan" {rElec rC+ rCorr
                  | Str+4}
  9847 | D:11     | Found a staircase to the Orcish Mines.
  9874 | D:11     | Noticed a purple ugly thing
  9875 | D:11     | Noticed a white ugly thing
  9892 | D:11     | Killed a green ugly thing
  9896 | D:11     | Killed a purple ugly thing
  9944 | D:11     | Found Hytiyq's Food Shop.
 10467 | D:12     | Noticed a deep elf mage
 10472 | D:12     | Noticed an unseen horror
 10486 | D:12     | Killed a deep elf mage
 10578 | D:11     | Reached XP level 12. HP: 60/81 MP: 12/12
 11512 | D:13     | Noticed a death knight
 11529 | D:13     | Killed a death knight
 11802 | D:13     | Identified the cursed ring of Conversion {MR++ AC-5}
 11841 | D:13     | Identified a scroll of acquirement
 11844 | D:13     | Got the cursed chain mail of the Arcane {MP+9}
 11845 | D:13     | Identified the cursed +6 chain mail of the Arcane {MP+9}
                  | (You acquired it on level 13 of the Dungeon)
 12046 | D:13     | Noticed Snorg
 12050 | D:13     | Noticed a centaur warrior
 12057 | D:13     | Killed Snorg
 12065 | D:13     | Killed a centaur warrior
 12067 | D:13     | Noticed a vault guard
 12076 | D:13     | Killed a vault guard
 12091 | D:13     | Noticed a soul eater
 12339 | D:13     | Found a gate to the Vaults.
 12380 | D:13     | Reached skill level 5 in Dodging
 12381 | D:13     | Noticed a catoblepas
 12392 | D:13     | Noticed a catoblepas
 12395 | D:13     | Killed a catoblepas
 12414 | D:13     | Killed a catoblepas
 12414 | D:13     | Reached XP level 13. HP: 28/87 MP: 13/13
 13260 | D:14     | Noticed Kirke
 13271 | D:14     | Killed Kirke
 13783 | D:14     | Noticed Josephine
 13796 | D:14     | Killed Josephine
 14135 | D:15     | Entered Level 15 of the Dungeon
 14181 | D:15     | Found Nihiq's Serpentskin Sales.
 14576 | D:15     | Found a staircase to the Depths.
 14576 | D:15     | Noticed a fire giant
 14587 | D:15     | Killed a fire giant
 14974 | D:15     | Reached *** piety under Ashenzari
 15400 | Lair:1   | Entered Level 1 of the Lair of Beasts
 15470 | Lair:1   | Gained mutation: Your large and strong wings let you fly
                  | indefinitely. [Gargoyle growth]
 15470 | Lair:1   | Reached XP level 14. HP: 94/94 MP: 14/14
 16594 | Lair:2   | Found a staircase to the Swamp.
 16659 | Lair:2   | Identified the cursed amulet of Hard Scrabble {Gourm
                  | *Contam rPois MR+ SInv} (You acquired it on level 2 of the
                  | Lair of Beasts)
 16680 | Lair:2   | Found a hole to the Spider Nest.
 16987 | Lair:3   | Reached **** piety under Ashenzari
 17420 | Lair:3   | Identified the ring "Mofun" {rF+ rC+}
 17787 | Lair:1   | Identified the +1 war axe "Vaplewk" {protect, rF+}
 18140 | Lair:4   | Found a large runed translucent door.
 18140 | Lair:4   | Found a large runed translucent door.
 18776 | Lair:4   | Noticed LostGamesStreakFreak's ghost (journeyman GrAK)
 19240 | Lair:4   | Killed LostGamesStreakFreak's ghost
 19584 | Lair:5   | Reached skill level 15 in Maces & Flails
 19743 | Lair:5   | Reached ***** piety under Ashenzari
 19887 | Lair:5   | Found a viscous altar of Jiyva.
 19888 | Lair:5   | Found a staircase to the Slime Pits.
 20219 | Lair:6   | Entered Level 6 of the Lair of Beasts
 20260 | Lair:6   | Reached XP level 15. HP: 95/101 MP: 15/15
 20882 | Lair:6   | Identified the Papyrus of the Volcanoes
 21782 | D:11     | Identified the +1 war axe "Vaplewk" {protect, rF+}
 21826 | D:11     | Killed MirrMurr's ghost
 22031 | Orc:1    | Entered Level 1 of the Orcish Mines
 22113 | Orc:1    | Found a radiant altar of Vehumet.
 22162 | Orc:1    | Noticed Harold
 22173 | Orc:1    | Killed Harold
 22289 | Orc:1    | Paralysed by an orc sorcerer for 2 turns
 22376 | Orc:2    | Entered Level 2 of the Orcish Mines
 22642 | Orc:2    | Reached skill level 15 in Armour
 22789 | Orc:2    | Found a burning altar of Makhleb.
 23294 | Orc:2    | Found Ocin's Jewellery Shoppe.
 23294 | Orc:2    | Found Yna Tieb's Antique Armour Boutique.
 23294 | Orc:2    | Found Wiacw's Antique Weapon Shop.
 23297 | Orc:2    | Found Okatise's Food Emporium.
 23321 | Orc:2    | Reached skill level 15 in Fighting
 23399 | Orc:2    | Noticed Urug
 23416 | Orc:2    | Killed Urug
 23559 | Orc:2    | Found a staircase to the Elven Halls.
 23702 | Orc:1    | Noticed an orc warlord
 23853 | Orc:2    | Reached skill level 5 in Shields
 23920 | Orc:2    | Killed an orc warlord
 24368 | Orc:2    | Bought a shimmering scale mail for 234 gold pieces
 24368 | Orc:2    | Identified the +5 scale mail "Xoysuorupp" {Regen+} (You
                  | bought it in a shop on level 2 of the Orcish Mines)
 24368 | Orc:2    | Bought a glowing helmet for 195 gold pieces
 24407 | Orc:2    | Bought the ring of Xugunge {+Fly rPois rC+ MR++ Str-3} for
                  | 415 gold pieces
 24480 | D:10     | Bought a slimy long sword for 204 gold pieces
 24480 | D:10     | Identified the +2 long sword of Tenacity {pain, rElec
                  | Str+4} (You bought it in a shop on level 10 of the Dungeon)
 24723 | Swamp:1  | Entered Level 1 of the Swamp
 25072 | Swamp:1  | Reached XP level 16. HP: 108/108 MP: 16/16
 25243 | Swamp:1  | Reached skill level 1 in Evocations
 25862 | Swamp:2  | Noticed a thorn hunter
 25910 | Swamp:1  | Killed a thorn hunter
 26576 | Swamp:2  | Noticed Roxanne
 26604 | Swamp:2  | Killed Roxanne
 26966 | Swamp:3  | Reached ****** piety under Ashenzari
 27057 | Swamp:3  | Noticed a thorn hunter
 27070 | Swamp:3  | Killed a thorn hunter
 27715 | Swamp:4  | Entered Level 4 of the Swamp
 27774 | Swamp:4  | Reached skill level 10 in Dodging
 28078 | Swamp:4  | Noticed a tentacled monstrosity
 28090 | Swamp:4  | Killed a tentacled monstrosity
 28090 | Swamp:4  | Reached XP level 17. HP: 94/115 MP: 13/18
 28533 | Swamp:4  | Identified the cursed +0 scimitar of Youthful Indiscretion
                  | {venom, rElec rC- Dex-5 Stlth+}
 29020 | Swamp:4  | Got a decaying rune of Zot
 29261 | Spider:1 | Entered Level 1 of the Spider Nest
 30033 | Spider:2 | Noticed Arachne
 30117 | Spider:1 | Killed Arachne
 30273 | Spider:2 | Noticed Nikola
 30296 | Spider:2 | Killed Nikola
 30897 | Spider:3 | Reached XP level 18. HP: 116/123 MP: 17/19
 31729 | Spider:4 | Entered Level 4 of the Spider Nest
 31983 | Spider:4 | Noticed Mara
 31987 | Spider:4 | Noticed Borgoz's illusion
 32067 | Spider:4 | Slain by Mara (illusionary)

Levels and vault maps discovered:
D:1:      onia_arrival_pentagram, layout_basic, corner_web_ring,
          minmay_misc_feat_five
D:2:      layout_basic, lemuel_crystal_altar, ashenzari_conservatory_becter,
          minmay_cupped
D:3:      layout_basic, marbit_many_paths, first_ration, xom_teletrap_fun,
          uniq_natasha, uniq_crazy_yiuf_cottage
D:4:      minmay_general_purpose_star, layout_loops_corners, uniq_sigmund,
          uniq_ijyb, uniq_edmund
D:5:      layout_basic, lemuel_coloured_pillars_altar, lemuel_doored_altar,
          uniq_eustachio, uniq_pikel, uniq_duvessa
D:6:      layout_basic, serial_curves, eino_curves_02, eino_curves_02,
          chequers_jeans, st_stairs_12, chequers_mini_garden
D:7:      layout_loops_ring, minmay_temple_entry_mini_moons, basic_altar
D:8:      layout_loops_ring, lair_entry_dummy
D:9:      layout_basic, nicolae_gozag_seed_capital
D:10:     gammafunk_sealed_arena, layout_loops_ring, serial_shops,
          nicolae_shop_waterfront, shop_statue, nicolae_shop_waterfront, shop,
          nicolae_shop_stone, uniq_grum
D:11:     layout_rooms, erik_orc_4, serial_shops, kennysheep_little_box,
          special_room [special_room_kobold], gammafunk_ghost_split, the_bakery
D:12:     layout_layer_cave, ebering_dispersal_statue_hall
D:13:     layout_cave_pods, david_vaults_5, minivault_26, uniq_snorg
D:14:     layout_loops_ring, minivault_14, uniq_josephine, uniq_kirke
D:15:     grunt_enter_depths_giant_problem, layout_loops_cross,
          minmay_misc_feat_x, guppyfry_shop_venom
Temple:   eino_temple_scatter_basement
Lair:1:   layout_gridlike, grunt_forest_small_clearings,
          minmay_lair_oklob_chamber
Lair:2:   layout_chaotic_city, minmay_swamp_entry_reptiles, dummy_spider_entry,
          disabler_island
Lair:3:   layout_hall_layers, grunt_megastairs_4
Lair:4:   minmay_lair_oklob_tunnel, layout_loops_ring,
          ebering_ghost_disaster_area, serial_bayou_shore_b,
          serial_bayou_shore_a, grunt_megastairs_2
Lair:5:   layout_long_grid, slime_altar_1, fungi_pond_lemuel,
          chequers_serial_rivers_micro_e, st_stairs_12
Lair:6:   minmay_lair_end_enchanted_forest, layout_cave_pods,
          grunt_megastairs_1, lemuel_fruit_tree
Swamp:1:  layout_basic_swamp, evilmike_swamp_ruin_house_1
Swamp:2:  layout_basic_swamp, evilmike_swamp_ruin_house_4, swamp_pool3,
          hangedman_swamp_lotus, uniq_roxanne
Swamp:3:  layout_basic_swamp, nicolae_swamp_feature_on_the_river_bank,
          infiniplex_staircase_pool_2
Swamp:4:  swamp, layout_basic_swamp
Spider:1: layout_spider_delve
Spider:2: layout_spider_delve, guppyfry_spider_mini_1, uniq_arachne, uniq_nikola
Spider:3: layout_spider_delve
Spider:4: floodkiller_spider_rune_tomb, uniq_bai_suzhen, uniq_mara
Orc:1:    layout_caves, basic_altar, uniq_harold
Orc:2:    st_orc_rangers, layout_caves, basic_altar, uniq_urug

Skill      XL: |  1  2  3  4  5  6  7  8  9 10 11 12 13 14 15 16 17 |
---------------+----------------------------------------------------+-----
Fighting       | 4 5 6 7 9 10 11 12 13 14 15 16 17 | 17.2
Maces & Flails | 3 4 5 6 8 9 10 12 13 15 16 17 | 17.6
Armour         | 4 5 6 7 9 10 11 12 13 14 15 16 17 | 17.5
Dodging        | 1 3 5 6 7 9 10 11 | 11.4
Shields        | 5 7 8 |  8.5
Evocations     | 2 |  2.5

Action                   |  1- 3 |  4- 6 |  7- 9 | 10-12 | 13-15 | 16-18 || total
-------------------------+-------+-------+-------+-------+-------+-------++-------
Melee: Flail             |   155 |   205 |       |       |       |       ||   360
       Morningstar       |       |    10 |   171 |   616 |  1395 |  1273 ||  3465
Throw: Throwing net      |       |       |       |       |       |     1 ||     1
Invok: Curse Item        |       |       |       |     1 |     5 |       ||     6
 Abil: Fly               |       |       |       |       |     1 |       ||     1
Evoke: Wand              |       |       |       |       |     4 |     1 ||     5
  Use: Scroll            |     6 |       |     3 |     8 |    13 |     3 ||    33
       Potion            |       |     1 |       |     4 |     2 |     6 ||    13
 Stab: Sleeping          |       |       |       |     1 |       |       ||     1
       Petrified         |       |       |       |       |     4 |       ||     4
       Distracted        |       |       |       |       |     2 |       ||     2
       Confused          |       |       |       |       |       |     1 ||     1
  Eat: Chunk             |     1 |     7 |    10 |    23 |    38 |    17 ||    96
       Ration            |       |       |       |       |     1 |     2 ||     3
Armor: Scale mail        |    83 |   135 |    95 |   231 |    16 |   785 ||  1345
       Skin              |       |     1 |       |       |       |       ||     1
       Chain mail        |       |       |       |    49 |   680 |       ||   729
       Leather armour    |       |       |       |     2 |       |       ||     2
Dodge: Dodged            |    70 |   119 |    84 |   273 |   646 |  1081 ||  2273
Block: Shield            |    99 |   128 |   113 |   302 |   781 |       ||  1423
       Buckler           |       |       |       |       |    13 |   526 ||   539

Table legend:
 A = Non-vault XP
 B = Vault XP
 C = Vault XP percentage of total XP
 D = Non-vault monster count
 E = Vault monster count
 F = Vault count percentage of total count
                 A         B        C        D         E       F
            +---------+---------+-------+---------+---------+-------
      Total |  187936 |   74400 |  28.4 |     844 |     237 |  21.9
            +---------+---------+-------+---------+---------+-------
        D:1 |      33 |       0 |   0.0 |      21 |       0 |   0.0
        D:2 |      73 |       3 |   3.9 |      25 |       3 |  10.7
        D:3 |     206 |      76 |  27.0 |      25 |       3 |  10.7
        D:4 |     237 |     438 |  64.9 |      17 |       5 |  22.7
        D:5 |    1136 |    1089 |  48.9 |      13 |       4 |  23.5
        D:6 |     563 |       0 |   0.0 |      16 |       0 |   0.0
        D:7 |    1505 |       0 |   0.0 |      32 |       0 |   0.0
        D:8 |     955 |       0 |   0.0 |      17 |       0 |   0.0
        D:9 |    1132 |       0 |   0.0 |      26 |       0 |   0.0
       D:10 |     500 |    3901 |  88.6 |      10 |      10 |  50.0
       D:11 |    5613 |    4615 |  45.1 |      26 |      44 |  62.9
       D:12 |    5494 |       0 |   0.0 |      32 |       0 |   0.0
       D:13 |   10403 |    3547 |  25.4 |      40 |       6 |  13.0
       D:14 |    5414 |    3959 |  42.2 |      17 |       6 |  26.1
       D:15 |    4854 |    3031 |  38.4 |      16 |       4 |  20.0
     Lair:1 |    4384 |    1212 |  21.7 |      19 |       3 |  13.6
     Lair:2 |    2609 |     806 |  23.6 |      12 |       8 |  40.0
     Lair:3 |    7235 |       0 |   0.0 |      28 |       0 |   0.0
     Lair:4 |    2843 |    4936 |  63.5 |       9 |      12 |  57.1
     Lair:5 |    6389 |     128 |   2.0 |      19 |       1 |   5.0
     Lair:6 |    6885 |   12832 |  65.1 |      31 |      55 |  64.0
    Swamp:1 |    9097 |       0 |   0.0 |      21 |       0 |   0.0
    Swamp:2 |   18897 |    1904 |   9.2 |      52 |       1 |   1.9
    Swamp:3 |   16562 |    3092 |  15.7 |      38 |       4 |   9.5
    Swamp:4 |    9084 |   12203 |  57.3 |      17 |      20 |  54.1
   Spider:1 |   19750 |    3438 |  14.8 |      58 |       1 |   1.7
   Spider:2 |   17102 |    5732 |  25.1 |      58 |       8 |  12.1
   Spider:3 |   12696 |       0 |   0.0 |      34 |       0 |   0.0
   Spider:4 |    7254 |       0 |   0.0 |      17 |       0 |   0.0
      Orc:1 |    3099 |    1007 |  24.5 |      28 |       1 |   3.4
      Orc:2 |    5932 |    6451 |  52.1 |      70 |      38 |  35.2
            +---------+---------+-------+---------+---------+-------
